 Dungeon Crawl Stone Soup version 0.21-a0-401-g0b6bec4 (webtiles) character file.

69 riteheju the Sneak (level 4, -2/23 HPs)
             Began as a Spriggan Assassin on Oct 25, 2017.
             Slain by a worm (8 damage)
             ... on level 3 of the Dungeon.
             The game lasted 00:06:22 (2184 turns).

riteheju the Sneak (Spriggan Assassin)              Turns: 2184, Time: 00:06:24

Health: -2/23      AC:  3    Str:  7    XL:     4   Next: 2%
Magic:  5/5        EV: 17    Int: 12    God:
Gold:   120        SH:  0    Dex: 18    Spells: 3/3 levels left

rFire    . . .     SeeInvis +   a - +2 dagger
rCold    . . .     Gourm    .   (shield restricted)
rNeg     . . .     Faith    .   s - +0 robe
rPois    .         Spirit   .   (helmet restricted)
rElec    .         Reflect  .   d - +0 cloak
rCorr    .         Harm     .   (gloves unavailable)
MR       .....                  (boots unavailable)
Stlth    ++++......             w - amulet of inaccuracy
HPRegen  0.07/turn              p - ring of see invisible
MPRegen  0.09/turn              (no ring)

@: very quick
A: unfitting armour, see invisible, herbivore 3, speed 3, slow metabolism 2
a: no special abilities


You were on level 3 of the Dungeon.
You were not hungry.

You visited 1 branch of the dungeon, and saw 3 of its levels.

You collected 120 gold pieces.

Inventory:

Hand Weapons
 a - a +2 dagger (weapon)
 b - a +0 blowgun
Missiles
 e - 8 poisoned needles
 f - 2 curare-tipped needles
 h - 2 throwing nets
 q - 24 sling bullets
 r - 57 stones (quivered)
 v - 27 bolts
 y - 7 arrows
Armour
 c - a +0 robe
 d - a +0 cloak (worn)
 s - a +0 robe (worn)
Jewellery
 p - a ring of see invisible (left hand)
 w - an amulet of inaccuracy (around neck)
Scrolls
 k - 2 scrolls of immolation {unknown}
 l - a scroll of teleportation {unknown}
 m - a scroll of fear {unknown}
 n - a scroll of recharging {unknown}
 u - a scroll of amnesia {unknown}
 x - 2 scrolls of identify
 z - a scroll of enchant armour {unknown}
 A - a scroll of magic mapping {unknown}
Potions
 o - a potion of ambrosia
 t - 2 potions of might {unknown}
Comestibles
 g - 3 bread rations
 i - a fruit
 j - a royal jelly


   Skills:
 + Level 1.9 Fighting
 + Level 2.9 Short Blades
 - Level 2.0 Throwing
 - Level 1.5 Dodging
 + Level 7.7 Stealth


You had 3 spell levels left.
You didn't know any spells.

Dungeon Overview and Level Annotations

Branches:
Dungeon (3/15)

Altars:
Fedhas
Gozag
Ru


Innate Abilities, Weirdness & Mutations

You are very small and have problems with some larger weapons.
You are too small for most types of armour.
You have supernaturally acute eyesight. (SInv)
You are a herbivore.
You cover ground extremely quickly.
You need consume almost no food.


Message History

You hit the worm.
The worm is heavily wounded.
The worm bites you.
You hit the worm.
The worm is severely wounded.
You barely miss the worm.
The worm is severely wounded.
The worm bites you.
* * * LOW HITPOINT WARNING * * *
You hit the worm but do no damage.
The worm is severely wounded.
You closely miss the worm.
The worm is severely wounded.
The worm closely misses you.
You closely miss the worm.
The worm is severely wounded.
You barely miss the worm.
The worm is severely wounded.
The worm bites you!
You die...

#...[.# ############ .....
#........... .)...
..#.....#### ....#####.###.#
# ..........# #.# # #
#.#######<# #.#### #. #w#
#.# #..... #.#######@# #.#
####.# #......##.# #.# #.#
###........#######.# #.#
#.......#...#......######..
##..........#..####.#......#
............#...........<..#
##%.........#.......#..###.#
#.......#...#####.....# #..
###.#...##.## #.....###.#


You could see a worm.

Vanquished Creatures
  An adder (D:2)
  An ooze (D:3)
  A worm (D:3)
  3 dart slugs
  3 leopard geckos
  A ball python (D:1)
  2 giant cockroaches
  7 goblins
  7 hobgoblins
  4 bats
  3 frilled lizards
  2 kobolds (D:2)
  7 rats
42 creatures vanquished.

Notes
Turn   | Place    | Note
-------+----------+-------------------------------------------
     0 | D:1      | riteheju the Spriggan Assassin began the quest for the Orb.
     0 | D:1      | Reached XP level 1. HP: 10/10 MP: 2/2
    93 | D:1      | Reached skill level 6 in Stealth
   283 | D:1      | Reached XP level 2. HP: 7/14 MP: 3/3
   757 | D:1      | Reached skill level 7 in Stealth
  1171 | D:2      | Reached XP level 3. HP: 18/18 MP: 4/4
  1267 | D:2      | Found an opulent altar of Gozag.
  1835 | D:2      | Found a blossoming altar of Fedhas.
  1927 | D:2      | Found a sacrificial altar of Ru.
  2141 | D:3      | Reached XP level 4. HP: 23/23 MP: 5/5
  2184 | D:3      | Slain by a worm

Vault maps used:
D:1:      shiori_arrival_elements
D:2:      nicolae_ru_path_of_blood, lemuel_round_altar, minmay_misc_feat_doors,
          grunt_gozag_breadcrumbs
D:3:      first_bread

Skill      XL: |  1  2 |
---------------+-------+-----
Stealth        | 6 7 |  7.7
Fighting       | |  1.9
Short Blades   | |  2.9
Throwing       | |  2.0
Dodging        | |  1.5

Action                   |  1- 3 |  4- 6 || total
-------------------------+-------+-------++-------
Melee: Dagger            |   142 |    13 ||   155
Throw: Stone             |     4 |       ||     4
  Use: Scroll            |     2 |       ||     2
 Stab: Sleeping          |    16 |       ||    16
Armor: Robe              |    19 |       ||    19
Dodge: Dodged            |   100 |     3 ||   103

Table legend:
 A = Spawn XP
 B = Non-spawn XP
 C = Spawn XP percentage of total XP
 D = Spawn monster count
 E = Non-spawn monster count
 F = Spawn count percentage of total count
 G = Total turns spent on level
                    A         B        C        D         E        F      G
               +---------+---------+-------+---------+---------+-------+---------
         Total |       0 |      99 |   0.0 |       0 |      42 |   0.0 |  2184
               +---------+---------+-------+---------+---------+-------+---------
           D:1 |       0 |      40 |   0.0 |       0 |      21 |   0.0 |  1163
           D:2 |       0 |      35 |   0.0 |       0 |      14 |   0.0 |   830
           D:3 |       0 |      24 |   0.0 |       0 |       7 |   0.0 |   191
               +---------+---------+-------+---------+---------+-------+---------
